 Dungeon Crawl Stone Soup version 0.22-a0-482-g76e0a5f51a (webtiles) character file.

84197 Kaname the Devastator (level 15, -26/110 HPs)
             Began as a Demonspawn Wizard on June 17, 2018.
             Was an Initiate of Gozag.
             Killed by an exploding ball lightning (43 damage)
             ... created by the player character
             ... on level 2 of the Swamp.
             The game lasted 02:28:39 (30633 turns).

Kaname the Devastator (Demonspawn Wizard)          Turns: 30633, Time: 02:28:39

Health: -26/110    AC: 15    Str: 18    XL:     15   Next: 34%
Magic:  19/29      EV: 11    Int: 34    God:    Gozag
Gold:   871        SH:  0    Dex: 12    Spells: 15/34 levels left

rFire    . . .     SeeInvis .   u - +3 dagger (pain)
rCold    . . .     Gourm    .   (no shield)
rNeg     . . .     Faith    .   Q - +1 chain mail of the Heavens {Str+2 Int+5}
rPois    +         Spirit   .   (helmet unavailable)
rElec    .         Reflect  .   r - +0 cloak
rCorr    .         Harm     .   O - +0 pair of gloves
MR       ++...                  m - +0 pair of boots
Stlth    +.........             f - amulet "Hocus" {RegenMP Int+4}
HPRegen  0.28/turn              V - ring "Qem Loami" {+Fly Str+3 Slay+2}
MPRegen  0.46/turn              Z - ring of False Hope {rPois MR+}

@: mighty, gold aura, flying
A: horns 3, powered by death 2, powered by pain 1, sturdy frame 3
a: Potion Petition, Call Merchant, Bribe Branch, Renounce Religion


You were on level 2 of the Swamp.
You worshipped Gozag.
Gozag was pleased with you.
You were hungry.

You visited 5 branches of the dungeon, and saw 23 of its levels.
You also visited: Ice Cave.

You collected 7245 gold pieces.
You spent 2486 gold pieces at shops.
You paid 3888 gold pieces to Gozag.

Inventory:

Hand Weapons
 u - a +3 dagger of pain (weapon)
 W - a +2 halberd of venom
Missiles
 i - 238 arrows
 C - 7 needles of confusion
 F - a throwing net (quivered)
 G - 3 curare-tipped needles
 H - 5 needles of frenzy
 P - 6 needles of sleeping
Armour
 m - a +0 pair of boots (worn)
 r - a +0 cloak (worn)
 O - a +0 pair of gloves (worn)
 Q - the +1 chain mail of the Heavens (worn) {Str+2 Int+5}
   (You found it on level 1 of the Lair of Beasts)

   It affects your strength (+2).
   It affects your intelligence (+5).
Jewellery
 a - a +2 amulet of reflection {unknown}
 f - the amulet "Hocus" (around neck) {RegenMP Int+4}
   (You bought it in a shop on level 2 of the Orcish Mines)

   [amulet of magic regeneration]

   It increases your magic regeneration.
   It affects your intelligence (+4).
 V - the ring "Qem Loami" (left hand) {+Fly Str+3 Slay+2}
   (You found it on level 6 of the Lair of Beasts)

   [ring of flight]

   It affects your strength (+3).
   It affects your accuracy and damage with ranged weapons and melee attacks
   (+2).
   It lets you fly.
 Z - the ring of False Hope (right hand) {rPois MR+}
   (You bought it in a shop on level 1 of the Orcish Mines)

   [ring of protection from magic]

   It protects you from poison.
   It affects your resistance to hostile enchantments.
Wands
 k - a wand of iceblast (11)
 q - a wand of disintegration (3)
 t - a wand of digging (7)
 y - a wand of enslavement (19)
 E - a wand of polymorph (24)
Scrolls
 c - 7 scrolls of remove curse
 e - a scroll of fog {unknown}
 h - 8 scrolls of enchant armour
 l - a scroll of holy word {unknown}
 n - 4 scrolls of immolation
 o - 4 scrolls of teleportation
 p - a scroll of fear
 A - a scroll of torment
 B - 3 scrolls of amnesia
 D - a scroll of noise {unknown}
 J - 2 scrolls of random uselessness {unknown}
 L - 5 scrolls of enchant weapon
 R - a scroll of vulnerability {unknown}
 U - a scroll of blinking
 X - a scroll of acquirement {unknown}
Potions
 b - 2 potions of resistance
 g - 2 potions of mutation
 j - 3 potions of haste
 s - 2 potions of magic
 v - 3 potions of brilliance
 w - a potion of berserk rage
 x - a potion of ambrosia {unknown}
 z - 4 potions of lignification
 I - 8 potions of might
 M - 5 potions of curing
 N - 3 potions of flight
 S - a potion of agility {unknown}
 T - a potion of heal wounds
 Y - a potion of experience {unknown}
Miscellaneous
 K - a fan of gales
Comestibles
 d - 8 rations


   Skills:
 - Level 8.0 Fighting
 - Level 5.0 Short Blades
 - Level 6.2 Armour
 - Level 3.9 Dodging
 - Level 10.6 Stealth
 - Level 10.0 Spellcasting
 - Level 15.0 Conjurations
   Level 1.0 Summonings
 - Level 10.1 Necromancy
 - Level 0.8 Translocations
 - Level 2.2 Ice Magic
 + Level 8.4 Air Magic


You had 15 spell levels left.
You knew the following spells:

 Your Spells              Type           Power        Failure   Level  Hunger
a - Magic Dart            Conj           ####         0%          1    None
b - Blink                 Tloc           N/A          7%          2    None
c - Conjure Ball Lightni  Conj/Air       #######...   8%          6    #####..
d - Conjure Flame         Conj/Fire      ######..     1%          3    None
f - Vampiric Draining     Necr           ######....   1%          3    None
i - Throw Icicle          Conj/Ice       ######..     1%          4    None

Your spell library contained the following spells:

 Spells                   Type           Power        Failure   Level  Hunger
 Slow                     Hex            ###.....     10%         2    None
 Confuse                  Hex            ###.....     19%         3    None
 Throw Frost              Conj/Ice       ######       1%          2    None
 Mephitic Cloud           Conj/Pois/Air  ######..     1%          3    None
 Teleport Other           Tloc           ###.....     13%         3    None
 Animate Dead             Necr           N/A          1%          4    None
 Pain                     Necr           ####         1%          1    None
 Animate Skeleton         Necr           N/A          1%          1    None
 Freeze                   Ice            ####         2%          1    None
 Summon Ice Beast         Ice/Summ       ####....     32%         4    None
 Ozocubu's Armour         Chrm/Ice       ###.....     12%         3    None
 Call Imp                 Summ           ###.....     6%          2    None
 Regeneration             Chrm/Necr      ######....   2%          3    None
 Confusing Touch          Hex            ###...       6%          1    None
 Metabolic Englaciation   Hex/Ice        ###.......   73%         5    ##.....
 Sandblast                Erth           ###...       6%          1    None
 Petrify                  Tmut/Erth      ###.....     52%         4    None
 Passage of Golubria      Tloc           N/A          41%         4    None
 Shroud of Golubria       Chrm/Tloc      ###.......   8%          2    None
 Searing Ray              Conj           ######       1%          2    None
 Summon Lightning Spire   Summ/Air       #####...     9%          4    None
 Spellforged Servitor     Conj/Summ      ######....   89%         7    ######.
 Summon Mana Viper        Hex/Summ       ###.....     80%         5    ##.....
 Gell's Gravitas          Tloc           ###.......   13%         3    None
 Yara's Violent Unravell  Hex/Tmut       ###.......   86%         5    ##.....
 Lesser Beckoning         Tloc           ###.......   13%         3    None


Dungeon Overview and Level Annotations

Branches:
Dungeon (11/15)            Temple (1/1) D:4            Lair (6/6) D:8
  Swamp (3/4) Lair:4        Snake (0/4) Lair:2        Slime (0/5) Lair:6
    Orc (2/2) D:9             Elf (0/3) Orc:2

Altars:
Ashenzari
Cheibriados
Dithmenos
Elyvilon
Fedhas
Gozag
Hepliaklqana
Kikubaaqudgha
Makhleb
Nemelex Xobeh
Okawaru
Ru
Trog
Uskayaw
Vehumet
Xom
Yredelemnul
Zin
The Shining One
Beogh
Jiyva

Shops:
D:9 (   D:10 (   D:11 =   Orc:1 *   Orc:2 *[=(   Lair:3 :   Lair:6 :

Portals:
Trove: D:10 (give +2 storm dragon scales)

Annotations:
Lair:6 1 runed door, exclusion: door
Swamp:2 Jorgrun


Innate Abilities, Weirdness & Mutations

You have a pair of large horns on your head.
You regenerate health from kills.
You sometimes gain a little power by taking damage.
Your movements are significantly less encumbered by armour. (ER -6)


Message History

Jorgrun is moderately wounded.
Unknown command.
Unknown command.
Casting: Conjure Ball Lightning (slightly dangerous; 8% risk of failure)
Confirm with . or Enter, or press ? or * to list all spells.
You create some ball lightning!
You are feeling hungry.
Jorgrun mumbles some strange words.
The dungeon rumbles around Jorgrun!
Your ball lightning explodes!
The blast of lightning engulfs you!
Your ball lightning explodes!
The blast of lightning engulfs your ball lightning.
Your ball lightning completely resists.
The blast of lightning engulfs you!
* * * LOW HITPOINT WARNING * * *
Your ball lightning explodes!
The blast of lightning engulfs you!
You die...
Your body crumbles into a pile of gold.

.≈§≈§♣♣♣ ♣.≈≈≈≈≈..♣♣≈.≈≈≈≈≈♣
♣§≈n≈..♣♣ ♣≈§≈≈≈≈...♣♣≈.≈≈≈≈♣♣
♣.≈≈≈g..♣♣♣♣§≈≈≈≈≈§.♣♣.♣.≈≈.♣
..≈≈≈≈≈.≈≈♣≈♣.≈≈≈≈≈..≈♣♣♣.♣♣♣
..≈≈....♣♣≈≈≈≈≈≈≈≈≈≈≈.♣♣≈♣♣♣♣
≈.≈≈≈.≈♣♣≈.g...≈≈≈≈≈≈≈.♣♣♣♣≈♣♣
.......≈ ≈..≈....≈≈≈≈..♣♣♣...♣
.....≈...♣≈≈≈≈≈≈≈.≈≈≈..≈♣.≈≈.♣
≈.≈..≈≈≈.♣♣.....@.....≈§.>≈≈≈♣
♣≈♣≈.≈≈≈≈♣.................≈♣♣
♣♣♣≈..≈≈...#≈.#≈#≈..#....♣♣♣♣
♣.......$.....#...#..♣♣♣
$≈...$...#...#..♣
.≈..#....#...#..♣
....÷##.##...#..♣ .≈... .#
#...#..♣ .. ≈.


You could see Jorgrun.

Vanquished Creatures
  A thorn hunter (Swamp:1)
  Kirke (Lair:6)
  A frost giant (IceCv)
  An orc warlord (Orc:1)
  A fire dragon (Lair:6)
  4 hydras
  6 death yaks
  11 alligators
  The ghost of D1HalberdGnoll the Devastator, a journeyman TeCj of Vehumet (Lair:1)
  3 two-headed ogres
  The ghost of DasRunzen the Skirmisher, a novice DsGl of Okawaru (D:9)
  6 orc high priests
  Nergalle (Lair:1)
  A spriggan druid (Swamp:3)
  An unseen horror (D:11)
  A shambling mangrove (Lair:4)
  A lindwurm (Lair:6)
  6 orc knights
  9 orc sorcerers
  18 elephants
  An ugly thing (D:11)
  An ice statue (IceCv)
  12 spiny frogs
  3 molten gargoyles (Lair:6)
  4 black mambas
  2 rime drakes
  13 komodo dragons
  16 polar bears
  4 trolls
  5 hornets
  5 slime creatures
  6 tyrant leeches
  Grinder (D:4)
  Prince Ribbit (D:5)
  7 hippogriffs
  3 blink frogs (Lair:6)
  A bog body (Swamp:3)
  Sigmund (D:3)
  3 wyverns (Lair:6)
  29 yaks
  4 spriggans
  3 steam dragons (Lair:6)
  4 hogs (Lair:6)
  3 humans (Lair:6)
  4 vampire mosquitoes
  Menkaure (D:4)
  3 nagas (Lair:2)
  2 wargs (Orc:1)
  7 swamp worms
  9 water moccasins
  3 hell hounds (Lair:6)
  5 swamp drakes
  7 porcupines
  38 orc warriors
  4 sky beasts
  An ice beast (D:11)
  3 phantoms
  3 centaurs
  17 wolves
  10 ogres
  9 crocodiles
  10 bullfrogs
  2 scorpions
  12 killer bees
  2 electric eels
  5 jellies
  6 crimson imps
  4 lava snakes (Lair:6)
  A bullfrog zombie (D:6)
  4 hounds
  14 orc priests
  2 centaur skeletons
  Jessica (D:2)
  Ijyb (D:4)
  Natasha (thrice) (D:2)
  4 iguanas
  33 orc wizards
  12 worker ants
  A killer bee zombie (D:10)
  Robin (D:1)
  11 adders
  2 shadow imps
  6 oozes
  An adder skeleton (D:7)
  5 worms
  10 leopard geckos
  98 orcs
  3 ball pythons (D:3)
  7 bats
  3 giant cockroaches
  9 hobgoblins
  17 jackals
  6 quokkas
  3 frilled lizards
  14 goblins
  A jackal skeleton (D:8)
  4 kobolds
  A quokka skeleton (D:4)
  5 rats
  7 briar patches (Swamp:3)
664 creatures vanquished.

Vanquished Creatures (collateral kills)
  An orc knight (Orc:1)
1 creature vanquished.

Vanquished Creatures (others)
  24 ball lightnings
  A hornet (Swamp:1)
  A vampire mosquito (Swamp:2)
  4 fungi
  4 plants (Lair:6)
34 creatures vanquished.

Grand Total: 699 creatures vanquished

Notes
Turn   | Place    | Note
-------+----------+-------------------------------------------
     0 | D:1      | Kaname the Demonspawn Wizard began the quest for the Orb.
     0 | D:1      | Reached XP level 1. HP: 13/13 MP: 4/4
   387 | D:1      | Reached skill level 2 in Conjurations
   409 | D:1      | Gained mutation: You sometimes gain a little power by taking damage. [demonic ancestry]
   409 | D:1      | Reached XP level 2. HP: 19/19 MP: 3/6
  1007 | D:2      | Noticed Robin
  1148 | D:2      | Reached skill level 3 in Conjurations
  1148 | D:2      | Gained mutation: Your movements are slightly less encumbered by armour. (ER -2) [demonic ancestry]
  1148 | D:2      | Reached XP level 3. HP: 12/24 MP: 0/7
  1364 | D:1      | Killed Robin
  1929 | D:2      | Reached skill level 4 in Conjurations
  1929 | D:2      | Gained mutation: You regenerate a little health from kills. [demonic ancestry]
  1929 | D:2      | Reached XP level 4. HP: 25/30 MP: 4/8
  1985 | D:2      | Noticed Jessica
  1989 | D:2      | Killed Jessica
  2130 | D:2      | Learned a level 2 spell: Blink
  2134 | D:2      | Learned a level 3 spell: Mephitic Cloud
  2138 | D:2      | Learned a level 3 spell: Conjure Flame
  2355 | D:2      | Noticed Natasha
  2362 | D:2      | Killed Natasha
  2362 | D:2      | Reached skill level 5 in Conjurations
  2362 | D:2      | Gained mutation: Your movements are less encumbered by armour. (ER -4) [demonic ancestry]
  2362 | D:2      | Reached XP level 5. HP: 7/35 MP: 1/9
  2699 | D:2      | Noticed Natasha
  2718 | D:2      | Killed Natasha
  3061 | D:2      | Noticed Natasha
  3067 | D:2      | Killed Natasha
  3093 | D:2      | Found a bloodstained altar of Trog.
  3137 | D:3      | Noticed Sigmund
  3660 | D:3      | You fall through a shaft!
  3670 | D:4      | Noticed Ijyb
  3714 | D:4      | Found a glowing golden altar of the Shining One.
  3828 | D:4      | Killed Ijyb
  3828 | D:4      | Reached skill level 6 in Conjurations
  3828 | D:4      | Gained mutation: You regenerate health from kills. [demonic ancestry]
  3828 | D:4      | Reached XP level 6. HP: 25/41 MP: 0/10
  4226 | D:3      | Killed Sigmund
  4388 | D:4      | Noticed Grinder
  4476 | D:4      | Gained mutation: Your movements are significantly less encumbered by armour. (ER -6) [demonic ancestry]
  4476 | D:4      | Reached XP level 7. HP: 22/46 MP: 6/11
  5132 | D:5      | Entered Level 5 of the Dungeon
  5609 | D:5      | Noticed Prince Ribbit
  5618 | D:5      | Killed Prince Ribbit
  5618 | D:5      | Reached skill level 7 in Conjurations
  5618 | D:5      | Reached XP level 8. HP: 41/52 MP: 1/14
  6226 | D:4      | Reached skill level 8 in Conjurations
  6226 | D:4      | Noticed Menkaure
  6655 | D:6      | Reached skill level 9 in Conjurations
  7719 | D:7      | Reached skill level 10 in Conjurations
  7814 | D:7      | Noticed a hippogriff
  7884 | D:7      | Reached skill level 1 in Fighting
  7890 | D:7      | Killed a hippogriff
  7890 | D:7      | Gained mutation: You have a pair of small horns on your head. [demonic ancestry]
  7890 | D:7      | Reached XP level 9. HP: 62/62 MP: 0/15
  8046 | D:7      | Found a burning altar of Makhleb.
  8048 | D:7      | Found a bloodstained altar of Trog.
  8048 | D:7      | Found a shimmering altar of Xom.
  8050 | D:7      | Found a glowing silver altar of Zin.
  8050 | D:7      | Found a shadowy altar of Dithmenos.
  8050 | D:7      | Found a radiant altar of Vehumet.
  8627 | D:4      | Killed Grinder
  8917 | D:4      | Found a staircase to the Ecumenical Temple.
  8926 | Temple   | Entered the Ecumenical Temple
  9034 | Temple   | Became a worshipper of Gozag Ym Sagoz the Greedy
  9298 | D:4      | Killed Menkaure
  9791 | D:8      | Found a sacrificial altar of Ru.
 10017 | D:8      | Noticed a death yak
 10017 | D:8      | Noticed a death yak
 10109 | D:7      | Killed a death yak
 10176 | D:8      | Noticed a death yak
 10190 | D:8      | Noticed a death yak
 10257 | D:8      | Noticed a death yak
 10324 | D:8      | Noticed a death yak
 10442 | D:8      | Killed a death yak
 10442 | D:8      | Reached XP level 10. HP: 68/71 MP: 7/22
 10591 | D:7      | Killed a death yak
 11121 | D:8      | Killed a death yak
 11121 | D:8      | Reached skill level 5 in Stealth
 11127 | D:8      | Killed a death yak
 11152 | D:8      | Killed a death yak
 11369 | D:8      | Found a staircase to the Lair.
 11380 | D:8      | Learned a level 1 spell: Animate Skeleton
 11384 | D:8      | Learned a level 3 spell: Vampiric Draining
 11474 | D:8      | Found a staircase to the Lair.
 11502 | D:8      | Found a sacrificial altar of Ru.
 11773 | D:9      | Reached skill level 1 in Necromancy
 11937 | D:9      | Found a staircase to the Orcish Mines.
 11940 | D:9      | Found Ici Uqer's Weapon Shop.
 11968 | D:9      | Noticed DasRunzen's ghost (novice DsGl)
 11996 | D:9      | Killed DasRunzen's ghost
 11996 | D:9      | Reached skill level 5 in Necromancy
 11996 | D:9      | Reached XP level 11. HP: 32/77 MP: 15/23
 12183 | D:9      | Noticed a two-headed ogre
 12202 | D:9      | Killed a two-headed ogre
 12886 | D:10     | Entered Level 10 of the Dungeon
 13326 | D:10     | Learned a level 4 spell: Throw Icicle
 13798 | D:10     | Found a portal to a secret trove of treasure.
 14036 | D:11     | Reached skill level 5 in Short Blades
 14174 | D:11     | Killed an unseen horror
 14174 | D:11     | Reached skill level 1 in Ice Magic
 14522 | D:11     | Reached skill level 1 in Armour
 14576 | D:11     | Noticed a two-headed ogre
 14579 | D:11     | Noticed a green ugly thing
 14888 | D:11     | Killed a brown ugly thing
 14939 | D:11     | Noticed a two-headed ogre
 14956 | D:11     | Killed a two-headed ogre
 15651 | D:11     | Killed a two-headed ogre
 15651 | D:11     | Reached skill level 5 in Armour
 16076 | Lair:1   | Entered Level 1 of the Lair of Beasts
 16076 | Lair:1   | Noticed D1HalberdGnoll's ghost (journeyman TeCj)
 16394 | Lair:1   | Killed D1HalberdGnoll's ghost
 16893 | Lair:1   | Noticed Nergalle
 16918 | Lair:1   | Killed Nergalle
 16962 | Lair:1   | Got a faintly humming chain mail
 16973 | Lair:1   | Identified the +1 chain mail of the Heavens {Str+2 Int+5} (You found it on level 1 of the Lair of Beasts)
 17284 | Lair:2   | Reached XP level 12. HP: 76/83 MP: 8/24
 17615 | Lair:2   | Found a staircase to the Snake Pit.
 18514 | Lair:3   | Found a frozen archway.
 18697 | IceCv    | Entered an ice cave
 18727 | IceCv    | Reached skill level 10 in Spellcasting
 19727 | IceCv    | Reached skill level 11 in Conjurations
 20001 | IceCv    | Noticed a frost giant
 20005 | IceCv    | Reached skill level 12 in Conjurations
 20009 | IceCv    | Killed a frost giant
 20498 | Lair:3   | Noticed a six-headed hydra
 20504 | Lair:3   | Killed a six-headed hydra
 21014 | Lair:4   | Reached XP level 13. HP: 82/88 MP: 16/27
 21052 | Lair:4   | Found a staircase to the Swamp.
 21714 | Lair:5   | Reached skill level 13 in Conjurations
 22449 | Lair:6   | Entered Level 6 of the Lair of Beasts
 22576 | Lair:6   | Got a translucent marble ring
 22712 | Lair:6   | Reached skill level 10 in Necromancy
 22842 | Lair:6   | Reached skill level 5 in Fighting
 23160 | Lair:6   | Identified the ring "Qem Loami" {+Fly Str+3 Slay+2} (You found it on level 6 of the Lair of Beasts)
 23527 | Lair:6   | Found a runed door.
 23527 | Lair:6   | Found a viscous altar of Jiyva.
 23527 | Lair:6   | Found a staircase to the Slime Pits.
 23527 | Lair:6   | Noticed an azure jelly
 23527 | Lair:6   | Noticed an azure jelly
 23549 | Lair:6   | Reached skill level 1 in Air Magic
 23608 | Lair:6   | Noticed Kirke
 23616 | Lair:6   | Killed Kirke
 24130 | Lair:6   | Gained mutation: You have a pair of horns on your head. [demonic ancestry]
 24130 | Lair:6   | Reached XP level 14. HP: 69/105 MP: 17/28
 24199 | Lair:6   | Reached skill level 5 in Air Magic
 24217 | Lair:6   | Found a large runed door.
 24218 | Lair:6   | Found a large runed door.
 24615 | Orc:1    | Entered Level 1 of the Orcish Mines
 24870 | Orc:1    | Found Emibburak's Assorted Antiques.
 24897 | Orc:1    | Bought a potion of heal wounds for 145 gold pieces
 24897 | Orc:1    | Bought a steaming brass ring for 145 gold pieces
 24897 | Orc:1    | Bought a potion of heal wounds for 145 gold pieces
 24899 | Orc:1    | Identified the ring of False Hope {rPois MR+} (You bought it in a shop on level 1 of the Orcish Mines)
 24984 | Orc:1    | Found an iron altar of Okawaru.
 25130 | Orc:2    | Entered Level 2 of the Orcish Mines
 25466 | Orc:2    | Found a staircase to the Elven Halls.
 25567 | Orc:2    | Noticed an orc warlord
 25592 | Orc:1    | Killed an orc warlord
 26456 | Orc:2    | Found Peij's Antique Armour Shop.
 26457 | Orc:2    | Found Wiyfaf's Antique Weapon Boutique.
 26458 | Orc:2    | Found Kukaapez's General Store.
 26458 | Orc:2    | Found Funuu's Jewellery Shop.
 26462 | Orc:2    | Bought a scroll of enchant weapon for 75 gold pieces
 26462 | Orc:2    | Bought a scroll of teleportation for 30 gold pieces
 26462 | Orc:2    | Bought a ration for 50 gold pieces
 26463 | Orc:2    | Bought the amulet "Hocus" {RegenMP Int+4} for 771 gold pieces
 26640 | Orc:2    | Found a roughly hewn altar of Beogh.
 26838 | Orc:1    | Reached skill level 10 in Stealth
 27178 | Lair:6   | Bought the Papyrus of the Rocks and Air for 1125 gold pieces
 27186 | Lair:6   | Learned a level 6 spell: Conjure Ball Lightning
 27247 | Swamp:1  | Entered Level 1 of the Swamp
 28121 | Swamp:1  | Identified the Reference Book on Summoning and Conjuration
 28349 | Lair:4   | Gained mutation: You have a pair of large horns on your head. [demonic ancestry]
 28349 | Lair:4   | Reached XP level 15. HP: 57/110 MP: 8/29
 28947 | Swamp:1  | Noticed a thorn hunter
 28982 | Swamp:1  | Reached skill level 14 in Conjurations
 29039 | Swamp:1  | Killed a thorn hunter
 29349 | Swamp:1  | You fall through a shaft!
 29349 | Swamp:2  | Noticed Jorgrun
 29580 | Swamp:3  | Noticed a thorn hunter
 29703 | Swamp:3  | HP: 3/110 [thorn hunter/volley of thorns (40)]
 30340 | Swamp:2  | Reached skill level 15 in Conjurations
 30633 | Swamp:2  | Killed by an exploding ball lightning

Vault maps used:
D:1:      mainiacjoe_arrival_reflecting_pool
D:2:      lemuel_coloured_pillars_altar, hex_tiny, uniq_robin, uniq_jessica,
          uniq_natasha
D:3:      uniq_sigmund
D:4:      marbit_many_paths, minmay_temple_entry_poolview, first_ration,
          uniq_ijyb, uniq_grinder, uniq_menkaure
D:5:      kennysheep_generic_room_2, uniq_prince_ribbit1
D:7:      doesnt_xom_only_xom, serial_corexii_hall, corexii_hall_statues_i,
          corexii_hall_statues_i, corexii_hall_statues_l,
          corexii_hall_statues_i, corexii_hall_statues_i, corexii_hall_statues_i
D:8:      lemuel_crystal_altar, dpeg_lair_monsters
D:9:      orc_david_3
D:10:     trove_entry_hex_spiral
D:11:     hangedman_little_slice_of_home
Temple:   dpeg_five_rooms_temple
Lair:1:   uniq_nergalle
Lair:2:   guppyfry_snake_entry_garden, columned_hall_lemuel,
          infiniplex_staircase_pool, serial_bayou_shore_b
Lair:3:   portal_ice_cave_entry_pillars_1, grunt_megastairs_5
Lair:4:   swamp_mist
Lair:6:   cheibrodos_lair_end_hotspot, slime_altar_2, uniq_kirke
Swamp:1:  evilmike_swamp_ruin_house_2
Swamp:2:  evilmike_swamp_ruin_house_5, uniq_jorgrun
Swamp:3:  infiniplex_staircase_pool_2, swamp_pool4
Orc:1:    serial_shops, shop, okawaru_metal_pillars_1_2
Orc:2:    st_orc_congregation, lemuel_statue_altar
IceCv:    ice_cave_small_giant

Skill      XL: |  1  2  3  4  5  6  7  8  9 10 11 12 13 14 15 |
---------------+----------------------------------------------+-----
Conjurations   | 2 3 4 5 6 7 10 12 13 15 | 15.0
Short Blades   | 3 4 5 |  5.0
Spellcasting   | 4 8 10 | 10.0
Fighting       | 2 4 8 |  8.0
Stealth        | 2 8 10 | 10.6
Necromancy     | 5 7 10 | 10.1
Ice Magic      | 2 |  2.2
Armour         | 6 |  6.2
Dodging        | 3 |  3.9
Air Magic      | 4 8 |  8.4
Summonings     | |  1.0
Translocations | |  0.8

Action                   |  1- 3 |  4- 6 |  7- 9 | 10-12 | 13-15 || total
-------------------------+-------+-------+-------+-------+-------++-------
Melee: Dagger            |    77 |       |       |       |   841 ||   918
       Unarmed           |     3 |       |       |       |       ||     3
       Club              |    26 |    28 |       |       |       ||    54
       Rapier            |       |    55 |    64 |       |       ||   119
       Spear             |       |       |    33 |   369 |       ||   402
       Headbutt          |       |       |     4 |    44 |   150 ||   198
       Halberd           |       |       |       |    22 |    15 ||    37
 Cast: Magic Dart        |    85 |   115 |   301 |   491 |   145 ||  1137
       Mephitic Cloud    |       |     3 |     5 |    13 |     3 ||    24
       Conjure Flame     |       |       |     9 |    49 |     4 ||    62
       Blink             |       |       |     4 |     7 |    14 ||    25
       Vampiric Draining |       |       |       |   129 |   199 ||   328
       Throw Icicle      |       |       |       |    38 |   258 ||   296
       Conjure Ball Ligh |       |       |       |       |    11 ||    11
Invok: Call Merchant     |       |       |       |     3 |     1 ||     4
       Potion Petition   |       |       |       |       |     1 ||     1
Evoke: Wand              |       |       |     2 |    14 |    13 ||    29
       Fan of gales      |       |       |       |     1 |     1 ||     2
  Use: Scroll            |       |     5 |     5 |    10 |    17 ||    37
       Potion            |       |     2 |     1 |     3 |    11 ||    17
 Stab: Sleeping          |     1 |       |     3 |     3 |       ||     7
       Confused          |       |     1 |       |     6 |     2 ||     9
       Distracted        |       |       |       |     4 |     3 ||     7
  Eat: Chunk             |     3 |     8 |    13 |       |     2 ||    26
       Ration            |       |       |     2 |    10 |     9 ||    21
Armor: Robe              |    27 |    30 |    39 |    75 |       ||   171
       Chain mail        |       |       |       |   132 |   527 ||   659
Dodge: Dodged            |    94 |    58 |   117 |   321 |   658 ||  1248

Table legend:
 A = Spawn XP
 B = Non-spawn XP
 C = Spawn XP percentage of total XP
 D = Spawn monster count
 E = Non-spawn monster count
 F = Spawn count percentage of total count
 G = Total turns spent on level
                    A         B        C        D         E        F      G
               +---------+---------+-------+---------+---------+-------+---------
         Total |       0 |  120282 |   0.0 |       0 |     657 |   0.0 | 30633
               +---------+---------+-------+---------+---------+-------+---------
           D:1 |       0 |      49 |   0.0 |       0 |      18 |   0.0 |  1635
           D:2 |       0 |     244 |   0.0 |       0 |      36 |   0.0 |  1519
           D:3 |       0 |     280 |   0.0 |       0 |      19 |   0.0 |   875
           D:4 |       0 |    1051 |   0.0 |       0 |      22 |   0.0 |  2059
           D:5 |       0 |     692 |   0.0 |       0 |      24 |   0.0 |  1235
           D:6 |       0 |     666 |   0.0 |       0 |      10 |   0.0 |  1342
           D:7 |       0 |    2324 |   0.0 |       0 |      10 |   0.0 |  1214
           D:8 |       0 |    3847 |   0.0 |       0 |      26 |   0.0 |  2035
           D:9 |       0 |    4749 |   0.0 |       0 |      48 |   0.0 |  1232
          D:10 |       0 |     546 |   0.0 |       0 |      13 |   0.0 |  1134
          D:11 |       0 |    4599 |   0.0 |       0 |      36 |   0.0 |  2023
        Lair:1 |       0 |    3364 |   0.0 |       0 |      10 |   0.0 |   949
        Lair:2 |       0 |    4365 |   0.0 |       0 |      18 |   0.0 |  1145
        Lair:3 |       0 |    1734 |   0.0 |       0 |       6 |   0.0 |   900
        Lair:4 |       0 |    5796 |   0.0 |       0 |      19 |   0.0 |  1712
        Lair:5 |       0 |    5979 |   0.0 |       0 |      23 |   0.0 |   937
        Lair:6 |       0 |   22942 |   0.0 |       0 |      71 |   0.0 |  1978
       Swamp:1 |       0 |   13473 |   0.0 |       0 |      26 |   0.0 |  1425
       Swamp:2 |       0 |    6031 |   0.0 |       0 |      13 |   0.0 |   336
       Swamp:3 |       0 |    4235 |   0.0 |       0 |      13 |   0.0 |   740
         Orc:1 |       0 |   12708 |   0.0 |       0 |      63 |   0.0 |  1198
         Orc:2 |       0 |   11281 |   0.0 |       0 |      97 |   0.0 |  1201
         IceCv |       0 |    9327 |   0.0 |       0 |      36 |   0.0 |  1626
               +---------+---------+-------+---------+---------+-------+---------
